Map: Blackpink LE

Players

HolyHit - Winner!

  • Race: Protoss Protoss
  • Spawn Location: 7:00

Nolimit

  • Race: Zerg Zerg
  • Spawn Location: 1:00

Event: WCS Leipzig 2018

VOD

Have the link to the VOD?

Description

Time

  • Played on: Jan. 26, 2018, 7:25 a.m.
  • Length: 9:38

All games in this series

Show
View Real Time Build Order
Export as new Build Order

HolyHit Protoss - Winner!

Build Orders: 1 Gate Expand, Oracle Opening, Phoenix Opening 

Get SALT Encoding   

  12  0:00  Probe  
  13  0:13  Probe  
  14  0:20  Pylon  
  14  0:25  Probe  
  15  0:38  Probe (Chrono Boost)  
  15  0:39  Gateway  
  16  0:47  Probe (Chrono Boost), Assimilator  
  17  0:52  Probe (Chrono Boost)  
  18  1:06  Probe (Chrono Boost)  
  19  1:17  Probe (Chrono Boost)  
  20  1:22  Probe (Chrono Boost)  
  21  1:28  Nexus  
  21  1:40  Cybernetics Core  
  21  1:42  Probe  
  22  1:47  Assimilator  
  22  1:55  Pylon  
  22  1:56  Probe  
  23  2:13  Probe  
  23  2:15  Adept (Chrono Boost)  
  24  2:22  Stargate  
  26  2:25  Probe  
  27  2:30  Pylon  
  27  2:34  Warp Gate  
  26  2:37  Probe (Chrono Boost)  
  26  2:39  Adept  
  30  2:47  Probe (Chrono Boost)  
  30  2:49  Probe (Chrono Boost)  
  31  2:54  Probe (Chrono Boost)  
  31  2:55  Probe (Chrono Boost)  
  33  3:02  Oracle (Chrono Boost)  
  33  3:04  Probe  
  37  3:06  Adept, Probe  
  40  3:16  Gateway  
  40  3:19  Pylon  
  40  3:21  Probe  
  40  3:23  Probe  
  42  3:33  Probe  
  43  3:35  Probe  
  43  3:36  Phoenix  
  46  3:45  Probe  
  46  3:46  Twilight Council  
  47  3:51  Shield Battery  
  47  3:54  Probe  
  48  3:56  Pylon  
  48  4:01  Gateway  
  48  4:04  Probe  
  49  4:11  Probe  
  49  4:16  Probe  
  51  4:17  Resonating Glaives (Chrono Boost)  
  51  4:20  Pylon  
  51  4:33  Nexus  
  51  4:34  Probe x2  
  53  4:41  Pylon  
  53  4:42  Adept x2  
  57  4:46  Probe  
  57  4:47  Assimilator  
  57  4:49  Assimilator  
  58  4:53  Probe  
  58  4:56  Adept  
  61  5:00  Pylon  
  61  5:02  Adept x2  
  65  5:09  Probe, Shield Battery  
  66  5:19  Adept  
  68  5:22  Probe  
  68  5:24  Adept  
  68  5:25  Robotics Facility, Forge  
  68  5:26  Adept  
  73  5:32  Probe, Pylon  
  73  5:34  Probe  
  75  5:44  Probe  
  75  5:45  Probe  
  77  6:00  Probe  
  77  6:01  Probe  
  75  6:05  Probe, Blink  
  70  6:12  Probe (Chrono Boost)  
  70  6:14  Probe (Chrono Boost)  
  70  6:15  Protoss Ground Weapons Level 1  
  70  6:16  Immortal, Robotics Bay  
  70  6:17  Probe (Chrono Boost)  
  75  6:24  Probe (Chrono Boost)  
  75  6:26  Probe (Chrono Boost)  
  75  6:28  Probe (Chrono Boost)  
  75  6:31  Probe x2 (Chrono Boost)  
  76  6:33  Probe (Chrono Boost)  
  76  6:38  Probe  
  76  6:40  Probe  
  76  6:43  Probe, Gateway, Assimilator  
  76  6:44  Gateway  
  76  6:45  Assimilator, Pylon  
  76  6:48  Gateway  
  76  6:49  Photon Cannon  
  76  6:50  Gateway  
  76  6:51  Probe  
  76  6:52  Sentry x2  
  81  6:58  Probe  
  81  6:59  Sentry  
  84  7:01  Colossus (Chrono Boost)  
  84  7:05  Probe  
  84  7:06  Probe  
  92  7:11  Extended Thermal Lance  
  92  7:12  Pylon  
  92  7:17  Probe  
  92  7:22  Gateway  
  93  7:23  Sentry  
  93  7:24  Gateway  
  93  7:25  Stalker x2  
  99  7:31  Photon Cannon  
  99  7:42  Colossus (Chrono Boost)  
  105  7:49  Zealot  
  105  7:50  Stalker x3  
  105  7:51  Stalker x2  
  114  7:57  Zealot  
  112  8:09  Zealot  
  110  8:14  Stalker x2  
  110  8:15  Stalker  
  116  8:20  Zealot  
  114  8:30  Colossus (Chrono Boost)  
  114  8:31  Zealot  
  113  8:36  Stalker x3  
  119  8:46  Stalker  
  119  8:47  Stalker  
  123  8:55  Sentry  
  125  9:01  Pylon  
  125  9:23  Sentry x3  
  125  9:32  Stalker x3  
  125  9:33  Stalker  
Show
View Real Time Build Order
Export as new Build Order

Nolimit Zerg 

Build Orders: Hatch First 

Get SALT Encoding   

  12  0:00  Drone  
  13  0:12  Overlord  
  13  0:17  Drone  
  14  0:31  Drone x2  
  16  0:36  Drone  
  17  0:51  Hatchery  
  17  0:55  Drone  
  17  0:58  Drone  
  18  1:10  Extractor  
  17  1:13  Spawning Pool  
  17  1:15  Drone  
  18  1:18  Drone  
  18  1:28  Drone  
  19  1:40  Overlord  
  19  1:50  Drone  
  20  2:01  Zergling x2, Queen  
  22  2:03  Zergling x2  
  22  2:04  Queen  
  26  2:12  Drone  
  27  2:19  Drone  
  28  2:23  Drone  
  28  2:25  Metabolic Boost  
  29  2:35  Drone x2  
  31  2:42  Drone  
  32  2:44  Hatchery  
  31  2:51  Zergling x4  
  31  2:55  Overlord  
  31  2:56  Queen  
  35  3:12  Zergling x2  
  36  3:13  Overlord  
  36  3:15  Drone x2  
  38  3:26  Drone x5  
  38  3:27  Drone  
  42  3:35  Spore Crawler x2  
  42  3:41  Drone x3  
  43  3:48  Drone  
  43  3:52  Lair  
  44  3:56  Extractor  
  44  3:58  Drone x2  
  44  3:59  Drone  
  45  4:06  Drone  
  45  4:07  Drone x4  
  48  4:11  Spore Crawler  
  46  4:17  Drone x3  
  46  4:20  Baneling Nest  
  46  4:23  Drone, Extractor  
  46  4:24  Drone  
  49  4:31  Overlord  
  49  4:32  Overlord  
  48  4:39  Drone, Overlord  
  49  4:47  Overlord x2  
  49  4:50  Drone x3, Zergling x2  
  49  4:51  Zergling x2  
  54  4:54  Zergling x2  
  55  5:00  Queen  
  55  5:01  Hydralisk Den  
  55  5:02  Zergling x4  
  55  5:05  Zergling x2, Overlord  
  55  5:06  Zergling x2  
  60  5:08  Zergling x2  
  60  5:09  Zergling x2  
  62  5:19  Extractor  
  62  5:20  Drone x3  
  64  5:23  Drone x3  
  67  5:28  Baneling x3  
  67  5:29  Baneling, Extractor  
  67  5:31  Drone x2  
  67  5:32  Drone  
  67  5:34  Drone x4  
  67  5:35  Drone  
  74  5:36  Drone  
  75  5:45  Baneling x3  
  75  5:46  Zergling x2  
  75  5:47  Zergling x4  
  75  5:48  Baneling x2  
  77  5:50  Zergling x2  
  76  5:59  Zergling x2  
  76  6:00  Zergling x4  
  71  6:09  Zergling x20  
  65  6:21  Drone x3  
  65  6:22  Muscular Augments  
  62  6:29  Hydralisk x4  
  62  6:30  Hydralisk  
  64  6:37  Hydralisk  
  62  6:44  Hydralisk x3  
  68  6:55  Hydralisk x3  
  74  7:02  Hydralisk x2  
  74  7:06  Hydralisk  
  80  7:09  Overseer  
  80  7:13  Hydralisk  
  80  7:14  Zergling x2  
  84  7:15  Zergling x2  
  84  7:17  Zergling x2  
  85  7:24  Zergling x6  
  85  7:25  Zergling x2  
  89  7:30  Baneling x6  
  89  7:33  Baneling  
  89  7:34  Overlord  
  89  7:39  Overlord  
  88  7:56  Hydralisk x4  
  88  8:06  Zergling x2  
  88  8:07  Zergling x12  
  93  8:16  Baneling x3  
  93  8:18  Zergling x10  
  92  8:28  Zergling x2  
  92  8:29  Zergling x10  
  91  8:36  Hydralisk x2  
  95  8:42  Zergling x4  
  95  8:43  Zergling x2  
  98  8:50  Hydralisk  
  98  8:51  Zergling x2, Hydralisk  
  103  8:56  Overlord  
  103  8:58  Zergling x2  
  103  8:59  Baneling  
  103  9:00  Baneling x3  
  103  9:01  Baneling  
  104  9:04  Zergling x4  
  106  9:13  Zergling x2  
  106  9:14  Zergling x8  
Tags
 
Add a new tag
Caveats
  • Supply blocks, unpowered buildings, or Contaminate may cause inaccurate times.
  • Supply counts are checked every 10 seconds.